 Dungeon Crawl Stone Soup version 0.30-a0-953-g5f1da4a474 (webtiles) character file.

Game seed: 14718404935106020956

561 jasper the Magician (level 7, 0/42 HPs)
             Began as a Deep Elf Cinder Acolyte on Mar 28, 2023.
             Was an Elder of Ignis.
             Slain by an ufetubus (2 damage)
             ... summoned by Eustachio
             ... on level 4 of the Dungeon.
             The game lasted 00:06:34 (4145 turns).

jasper the Magician (Deep Elf Cinder Acolyte)       Turns: 4145, Time: 00:06:34

Health: 0/42       AC:  4    Str: 11    XL:     7   Next: 9%
Magic:  0/18       EV: 13    Int: 30    God:    Ignis [****..]
Gold:   229        SH:  0    Dex: 16    Spells: 12/19 levels left

rFire   + + .      SeeInvis .    o - staff of fire
rCold   . . .      Faith    .    h - orb {*channel}
rNeg    . . .      Spirit   .    b - +0 robe
rPois   .          Reflect  .    n - +0 helmet
rElec   .          Rampage  .    w - +0 cloak
rCorr   .                        (no gloves)
Will    .....                    (no boots)
Stlth   +                        (no amulet)
HPRegen 0.27/turn                j - +6 ring of intelligence
MPRegen 0.16/turn                g - ring of Ifeo {Int+3 Dex+6}

@: no status effects
A: no striking features
a: Renounce Religion, Fiery Armour, Foxfire Swarm, Rising Flame


You were on level 4 of the Dungeon.
You worshipped Ignis.
Ignis was greatly pleased with you.
You visited 1 branch of the dungeon, and saw 4 of its levels.

You collected 229 gold pieces.

Inventory:

Hand Weapons
 a - a -1 spear of flaming
Missiles
 c - 26 stones
Armour
 b - a +0 robe (worn)
 h - an orb of energy (worn)
 l - a +0 buckler
 n - a +0 helmet (worn)
 w - a +0 cloak (worn)
Magical Staves
 d - a staff of cold
 o - a staff of fire (weapon)
Jewellery
 e - a ring of resist corrosion
 g - the ring of Ifeo (right hand) {Int+3 Dex+6}
   (You found it on level 3 of the Dungeon)

   [ring of dexterity]

   Int:       It affects your intelligence (+3).
   Dex:       It affects your dexterity (+6).
 j - a +6 ring of intelligence (left hand)
 t - a ring of wizardry
Wands
 x - a wand of flame (17)
Scrolls
 k - 2 scrolls of vulnerability
 m - 2 scrolls of blinking
 r - a scroll of noise {unknown}
 v - a scroll of fear
Potions
 f - a potion of lignification
 i - a potion of brilliance


   Skills:
 + Level 3.7 Fighting
 - Level 2.1 Polearms
 + Level 3.7 Dodging
 * Level 6.5 Spellcasting
 - Level 3.2 Fire Magic
 + Level 3.0 Evocations


You had 12 spell levels left.
You knew the following spells:

 Your Spells              Type           Power      Damage    Failure   Level
a - Scorch                Fire           88%        2d9       1%          2
b - Mephitic Cloud        Conj/Pois/Air  9%         N/A       16%         3
c - Poisonous Vapours     Pois/Air       18%        N/A       8%          2

Your spell library contained the following spells:

 Spells                   Type           Power      Damage    Failure   Level
 Cigotuvi's Dreadful Rot  Necr/Pois/Air  18%        N/A       8%          2


Dungeon Overview and Level Annotations

Branches:
Dungeon (4/15)
 Temple: D:4-7

Altars:

Shops:
D:2 [

Annotations:
D:4 Eustachio


Message History

The river rat bites you but does no damage.
The white imp gestures at you.
The puff of frost hits the ufetubus.
The ufetubus resists.
Casting: Poisonous Vapours (safe; 8% risk of failure)
Confirm with . or Enter, or press ? or * to list all spells.
Okay, then.
You barely miss the quokka.
The quokka is almost dead.
Eustachio looks more healthy.
The quokka bites you but does no damage.
The rat bites you but does no damage. The white imp hits you.
* * * LOW HITPOINT WARNING * * *
The white imp freezes you.
* * * LOW HITPOINT WARNING * * *
You take 8 damage, and have 2/63 hp.
It was a potion of haste.
You feel yourself speed up.
The quokka bites you but does no damage.
A gnoll comes into view. It is wielding a +0 spear of flaming.
Eustachio gestures wildly while chanting.
Eustachio blinks!
The white imp gestures at you.
The puff of frost hits you but does no damage.
Casting: Poisonous Vapours (safe; 8% risk of failure)
Confirm with . or Enter, or press ? or * to list all spells.
Aiming: Poisonous Vapours (safe; 8% risk of failure)
Press: ? - help, Dir - move target, f/p - Eustachio
Aim: Eustachio, wielding a +0 falchion, wearing a +0 leather armour and carrying a wand of roots (12) (almost dead, unable to see you) Poisonous vapours surround Eustachio!
Eustachio is poisoned.
The ufetubus hits you but does no damage. x2
The quokka bites you but does no damage.
You now have 0/18 mp.
It was a potion of cancellation.
Your magical effects are unravelling.
You feel magically purged.
You feel less wooden.
Your +0 cloak unmelds from your body.
Your +0 helmet unmelds from your body.
Your +0 robe unmelds from your body.
You feel yourself slow down.
You flicker back into view.
The ufetubus closely misses you. The ufetubus hits you.
You die...

#................
.................. ##.##
.................##.g..#
......................#
..........@.....)...g.#
.......................
#..............5.....#
.#####.........55.###
.##............r@...#
....###........rr.....#
....#####...8..........#
....)<.##..............#
##.....................#
##>.##...<#.........####
#.......###........##
.......####.......##
......####.......##


You could see Eustachio (poisoned), 2 gnolls, a river rat (summoned), 2 white
imps, an ufetubus (summoned), a quokka (summoned) and a rat (summoned).

Vanquished Creatures
  Edmund (D:4)
  2 phantoms (D:4)
  A centaur zombie (D:4)
  A hound (D:4)
  An orc priest (D:3)
  Ijyb (D:4)
  Terence (D:2)
  A hound skeleton (D:4)
  3 gnolls (D:3)
  4 adders
  2 worms (D:2)
  3 dart slugs
  4 orcs (D:3)
  4 endoplasms
  5 giant cockroaches
  9 goblins
  7 hobgoblins
  5 quokkas
  4 ball pythons
  7 bats
  5 frilled lizards
  6 kobolds
  5 rats
82 creatures vanquished.

Notes
Turn   | Place    | Note
-------+----------+-------------------------------------------
     0 | D:1      | jasper the Deep Elf Cinder Acolyte began the quest for the
                  | Orb.
     0 | D:1      | Reached XP level 1. HP: 13/13 MP: 5/5
    91 | D:1      | Reached skill level 2 in Spellcasting
   124 | D:1      | Reached XP level 2. HP: 18/18 MP: 7/7
   135 | D:1      | Reached skill level 1 in Dodging
   142 | D:1      | Learned a level 2 spell: Scorch
   537 | D:1      | Reached skill level 3 in Spellcasting
   550 | D:1      | Reached XP level 3. HP: 3/22 MP: 0/9
  1183 | D:2      | Noticed Terence
  1196 | D:2      | Killed Terence
  1197 | D:2      | Reached XP level 4. HP: 16/27 MP: 0/11
  1410 | D:2      | Found Aquod's Armour Boutique.
  1687 | D:2      | Learned a level 3 spell: Mephitic Cloud
  2019 | D:2      | Reached skill level 1 in Evocations
  2568 | D:3      | Found a faded altar of an unknown god.
  2607 | D:3      | Reached skill level 4 in Spellcasting
  2687 | D:3      | Reached XP level 5. HP: 23/32 MP: 3/13
  2814 | D:3      | Identified the ring of Ifeo {Int+3 Dex+6}
  3569 | D:3      | Learned a level 2 spell: Poisonous Vapours
  3585 | D:4      | Noticed a phantom
  3591 | D:4      | Killed a phantom
  3592 | D:4      | Reached skill level 5 in Spellcasting
  3592 | D:4      | Reached XP level 6. HP: 37/37 MP: 9/16
  3795 | D:4      | Noticed Edmund
  3816 | D:4      | Killed Edmund
  3817 | D:4      | Reached skill level 6 in Spellcasting
  3950 | D:4      | Noticed Ijyb
  3978 | D:4      | Killed Ijyb
  3979 | D:4      | Reached XP level 7. HP: 23/42 MP: 1/18
  4052 | D:4      | Noticed Eustachio
  4142 | D:4      | HP: 2/63 [white imp[Eustachio] (5)]
  4145 | D:4      | Slain by an ufetubus

Illustrated notes

Levels and vault maps discovered:
D:1:      tarquinn_simple_flora_water_a, layout_basic,
          chequers_serial_rivers_room_b, corexii_item_surrounded_by_moat
D:2:      layout_basic, serial_shops, nicolae_square_shop, corner_web_ring,
          uniq_terence
D:3:      layout_rooms, basic_ecumenical_altar, grunt_ministairs_6
D:4:      layout_cave_pools, serial_undead, serial_undead_d, serial_undead_d,
          serial_undead_d, serial_undead_e, uniq_ijyb, uniq_eustachio,
          uniq_edmund, uniq_crazy_yiuf_cottage

Skill      XL: |  1  2  3  4  5  6 |
---------------+-------------------+-----
Spellcasting   | 2 3 4 5 6 |  6.5
Dodging        | 1 2 3 |  3.7
Evocations     | 1 2 3 |  3.0
Fighting       | 3 |  3.7
Polearms       | |  2.1
Fire Magic     | |  3.2

Action                     |  1- 3 |  4- 6 |  7- 9 || total
---------------------------+-------+-------+-------++-------
  Melee: Spear             |    48 |       |       ||    48
         Staff             |       |    24 |    19 ||    43
   Cast: Scorch            |    29 |    74 |     4 ||   107
         Poisonous Vapours |       |    12 |     7 ||    19
 Invoke: Fiery Armour      |     2 |     1 |       ||     3
  Evoke: Wand              |       |       |     2 ||     2
    Use: Scroll            |       |     6 |       ||     6
         Potion            |       |     1 |     6 ||     7
 Armour: Robe              |    12 |    15 |     8 ||    35
         Skin              |       |       |    15 ||    15
  Dodge: Dodged            |    30 |    29 |    46 ||   105

Table legend: (Time is in decaauts)
 A = Elapsed time spent in this place.
 B = Non-inter-level travel time spent in this place.
 C = Inter-level travel time spent in this place.
 D = Time resting spent in this place.
 E = Time spent auto-exploring this place.
 F = Levels seen in this place.
 G = Mean time per level.
                   A        B        C        D        E       F      G
               +--------+--------+--------+--------+--------+-----+--------+
         Total |   4153 |   3994 |    159 |    231 |   3081 |   4 | 1038.2 |
       Dungeon |   4153 |   3994 |    159 |    231 |   3081 |   4 | 1038.2 |
               +--------+--------+--------+--------+--------+-----+--------+

Top non-repeatable levels by time:
     D:2: 1683 daAuts
     D:1: 1061 daAuts
     D:3: 843 daAuts
     D:4: 565 daAuts
